 Dungeon Crawl Stone Soup version 0.28-a0-1382-g92835e5 (webtiles) character file.

Game seed: 1041440573703349528

476 Dorkslayer the Slasher (level 7, -1/47 HPs)
             Began as an Octopode Fighter on Jan 1, 2022.
             Was an Initiate of Gozag.
             Blown up by Ijyb (10 damage)
             ... with a mindburst bolt
             ... on level 5 of the Dungeon.
             The game lasted 00:10:57 (3541 turns).

Dorkslayer the Slasher (Octopode Fighter)           Turns: 3541, Time: 00:10:58

Health: -1/47      AC:  1    Str: 17    XL:     7   Next: 10%
Magic:  7/7        EV: 14    Int: 10    God:    Gozag
Gold:   1273       SH:  6    Dex: 12    Spells: 6/6 levels left

rFire   . . .      SeeInvis .   i - +2 long sword (distort)
rCold   . . .      Faith    .   b - +2 buckler
rNeg    . . .      Spirit   .   (helmet restricted)
rPois   .          Reflect  .   (no amulet)
rElec   .          Harm     .   (no ring)
rCorr   .          Rampage  .   (no ring)
Will    .....                   (no ring)
Stlth   ++++......              (no ring)
HPRegen 0.15/turn               (no ring)
MPRegen 0.10/turn               (no ring)
                                (no ring)
                                (no ring)

@: no status effects
A: almost no armour, amphibious, 8 rings, camouflage 1, gelatinous body 1,
(nimble swimmer 1), tentacles
a: Renounce Religion, Potion Petition, Call Merchant, Bribe Branch


You were on level 5 of the Dungeon.
You worshipped Gozag.
Gozag was most pleased with you.
You visited 2 branches of the dungeon, and saw 6 of its levels.

You collected 1308 gold pieces.
You paid 35 gold pieces to Gozag.

Inventory:

Hand Weapons
 a - a +0 long sword
 i - a +2 long sword of distortion (weapon)
Missiles
 g - 2 curare-tipped darts (quivered)
Armour
 b - a +2 buckler (worn)
Wands
 k - a wand of flame (16)
Scrolls
 e - 2 scrolls of fear
 l - 2 scrolls of enchant armour
Potions
 d - 2 potions of mutation
 f - 2 potions of flight
 j - a potion of invisibility {unknown}
 m - a potion of brilliance


   Skills:
 * Level 3.9 Fighting
 * Level 4.9 Long Blades
 + Level 0.5 Throwing
 + Level 3.7 Dodging
 + Level 4.7 Stealth
 + Level 3.4 Shields
 * Level 1.2 Evocations


You had 6 spell levels left.
You didn't know any spells.
Your spell library contained the following spells:

 Spells                   Type           Power      Damage    Failure   Level
 Shock                    Conj/Air       0%         1d3       38%         1
 Scorch                   Fire           0%         2d5       52%         2
 Swiftness                Air            0%         N/A       77%         3
 Airstrike                Air            0%         N/A       99%         4
 Flame Wave               Conj/Fire      0%         2d4       99%         4
 Summon Cactus Giant      Summ           0%         N/A       100%        6


Dungeon Overview and Level Annotations

Branches:
Dungeon (5/15)             Temple (1/1) D:4

Altars:
Cheibriados
Dithmenos
Elyvilon
Fedhas
Gozag
Hepliaklqana
Kikubaaqudgha
Nemelex Xobeh
Okawaru
Qazlal
Ru
Trog
Uskayaw
Vehumet
Wu Jian
Yredelemnul
Zin
The Shining One

Annotations:
D:5 Ijyb


Innate Abilities, Weirdness & Mutations

You cannot wear most types of armour.
You are amphibious.
You can wear up to eight rings at the same time.
Your skin changes colour to match your surroundings (Stealth+).
Your rubbery body absorbs attacks. (AC +1, EV +1)
((You are camouflaged when in or above water. (Stealth+)))
You have tentacles for arms and can constrict up to eight enemies at once.


Message History

Press: ? - help, Q - select action, (/) - cycle Shift-Dir - straight line, f - ogre
Aim: an ogre, wielding a +0 giant club (asleep, 98% to hit)
You throw a curare-tipped dart. The curare-tipped dart hits the ogre.
The ogre is poisoned.
The ogre convulses.
The ogre seems to slow down.
The ogre is moderately wounded.
Throw: dart (curare)
Press: ? - help, Q - select action, (/) - cycle Shift-Dir - straight line, f/p - ogre
Aim: an ogre, wielding a +0 giant club (heavily wounded, very poisoned, slow, 73% to hit)
You throw a curare-tipped dart. The curare-tipped dart hits the ogre.
The ogre looks as sick as possible!
The ogre convulses.
The ogre seems to be slow for longer.
The ogre is severely wounded.
You hit the ogre.
Space warps around the ogre.
You kill the ogre!
Your Evocations skill increases to level 1!
You have reached level 7!
You now have 1273 gold pieces (gained 11).
You see here a +0 giant club.
g - a curare-tipped dart
g - 2 curare-tipped darts (gained 1) Ijyb the Twisted Goblin comes into view.
She is wielding a +0 club, wearing a +3 leather armour of poison resistance and carrying a wand of mindburst (6).
Ijyb shouts!
Ijyb zaps a wand.
Your mind is blasted!
Ijyb zaps a wand.
Your mind is blasted!
* * * LOW HITPOINT WARNING * * *
You feel better.
Ijyb zaps a wand.
You struggle to resist.
You feel better. Ijyb screams, "I cut your head off!"
Found a war axe.
Ijyb hits you with a +0 club.
You hit Ijyb. You grab Ijyb. You squeeze Ijyb, but do no damage.
Ijyb is lightly wounded.
Ijyb blinks free!
Ijyb zaps a wand.
Your mind is blasted!
* * * LOW HITPOINT WARNING * * *
You feel better. Ijyb screams, "Me stronger than you!"
You hit Ijyb. Your grab misses Ijyb. Your squeeze misses Ijyb.
Ijyb is lightly wounded.
Ijyb zaps a wand.
Your mind is blasted!
You die...

#.#.#...#
.#
##.##..##
##.#
#.#....##
...#
###..#..#
...#
#...#...#
...#
#.#.#.#.#
...#
###.#.#.#
...#
#...#.#
...# #.g@#
. ...#
#..#..#
##..
....###...
## )#.#.
.#..# ####
##..# .# #


You could see Ijyb.

Vanquished Creatures
  Menkaure (D:4)
  An ogre (D:5)
  A wyvern skeleton (D:5)
  A centaur zombie (D:5)
  An orc wizard (D:4)
  3 gnolls (D:3)
  A howler monkey skeleton (D:5)
  3 adders
  A worm (D:2)
  3 dart slugs
  2 orcs (D:4)
  6 ball pythons
  7 bats
  7 endoplasms
  5 giant cockroaches
  5 goblins
  6 hobgoblins
  7 jackals
  12 kobolds
  6 quokkas
  A frilled lizard (D:1)
  4 rats
84 creatures vanquished.

Notes
Turn   | Place    | Note
-------+----------+-------------------------------------------
     0 | D:1      | Dorkslayer the Octopode Fighter began the quest for the
                  | Orb.
     0 | D:1      | Reached XP level 1. HP: 16/16 MP: 1/1
     2 | D:1      | Noticed a tengu
     2 | D:1      | Noticed a human
     4 | D:1      | Noticed an ogre
     4 | D:1      | Noticed a ghoul
     8 | D:1      | Noticed a draconian
     8 | D:1      | Noticed a troll
    10 | D:1      | Noticed an octopode
    12 | D:1      | Noticed an elf
    12 | D:1      | Noticed a vine stalker
    14 | D:1      | Noticed a formicid
    14 | D:1      | Noticed a demonspawn
    16 | D:1      | Noticed a naga
    20 | D:1      | Noticed a dwarf
    20 | D:1      | Noticed a merfolk
    22 | D:1      | Noticed a demigod
    24 | D:1      | Noticed a minotaur
    24 | D:1      | Noticed a gargoyle
    26 | D:1      | Noticed a vampire
    26 | D:1      | Noticed a felid
    28 | D:1      | Noticed a spriggan
   258 | D:1      | Reached XP level 2. HP: 21/21 MP: 2/2
   548 | D:1      | Reached XP level 3. HP: 25/26 MP: 3/3
   627 | D:1      | Reached skill level 1 in Stealth
   754 | D:1      | HP: 1/26 [hobgoblin (3)]
  1259 | D:2      | Reached XP level 4. HP: 31/31 MP: 4/4
  1315 | D:2      | Identified a scroll of acquirement
  1316 | D:2      | Acquired 1055 gold pieces
  2021 | D:3      | Reached XP level 5. HP: 36/36 MP: 5/5
  2126 | D:3      | Found a faded altar of an unknown god.
  2379 | D:4      | Noticed Menkaure
  2388 | D:4      | Killed Menkaure
  2389 | D:4      | Reached XP level 6. HP: 40/43 MP: 6/6
  2662 | D:4      | Found a staircase to the Ecumenical Temple.
  2673 | Temple   | Entered the Ecumenical Temple
  2753 | Temple   | Became a worshipper of Gozag Ym Sagoz the Greedy
  2831 | D:4      | Identified the +7 whip of Currency {venom, rPois Dex+2}
  3183 | D:5      | Entered Level 5 of the Dungeon
  3514 | D:5      | Reached skill level 1 in Evocations
  3514 | D:5      | Reached XP level 7. HP: 47/47 MP: 7/7
  3531 | D:5      | Noticed Ijyb
  3541 | D:5      | Blown up by Ijyb

Illustrated notes

Levels and vault maps discovered:
D:1:      kb_arrival_jail, layout_rooms, serial_corexii_hall,
          corexii_hall_statues_x, corexii_hall_statues_x,
          chequers_hall_statues_corner_a, chequers_hall_statues_corner_a
D:2:      layout_basic
D:3:      layout_rooms, shapermc_ecumenical_altar_mp_highgroup,
          chequers_hall_statues_y
D:4:      layout_loops_cross, minmay_temple_entry_statues_fountains,
          uniq_menkaure
D:5:      wad_crossroads, layout_loops_ring, serial_co_window_serial,
          co_window_paths_a, co_window_paths_b, co_window_of_opportunity_a,
          co_window_paths_a, co_window_paths_a, co_window_paths_c,
          co_window_broadway_b, co_window_broadway_b, co_window_2corner,
          co_window_of_opportunity_b, co_window_corner_b, glass_columns_a,
          glass_columns_b, glass_columns_c, glass_columns_a, glass_columns_a,
          uniq_duvessa, uniq_ijyb
Temple:   regret_index_temple_mists

Skill      XL: |  1  2  3  4  5  6 |
---------------+-------------------+-----
Stealth        | 2 3 4 |  4.7
Long Blades    | 3 4 |  4.9
Evocations     | 1 |  1.2
Fighting       | |  3.9
Throwing       | |  0.5
Dodging        | |  3.7
Shields        | |  3.4

Action                   |  1- 3 |  4- 6 |  7- 9 || total
-------------------------+-------+-------+-------++-------
Melee: Long sword        |    63 |    72 |     2 ||   137
       Constrict         |    23 |    11 |     1 ||    35
       Tentacles         |    13 |    14 |     1 ||    28
Throw: Dart              |       |     7 |       ||     7
  Use: Scroll            |     4 |     7 |       ||    11
       Potion            |     1 |       |     3 ||     4
 Stab: Sleeping          |     6 |    10 |       ||    16
Armor: Skin              |    11 |     1 |       ||    12
Dodge: Dodged            |    46 |    34 |       ||    80
Block: Buckler           |    15 |    19 |       ||    34

Table legend: (Time is in decaauts)
 A = Elapsed time spent in this place.
 B = Non-inter-level travel time spent in this place.
 C = Inter-level travel time spent in this place.
 D = Time resting spent in this place.
 E = Time spent auto-exploring this place.
 F = Levels seen in this place.
 G = Mean time per level.
                   A        B        C        D        E       F      G
               +--------+--------+--------+--------+--------+-----+--------+
         Total |   3577 |   3577 |      0 |    598 |    848 |   6 |  596.2 |
       Dungeon |   3472 |   3472 |      0 |    598 |    848 |   5 |  694.4 |
        Temple |    104 |    104 |      0 |      0 |      0 |   1 |  104.0 |
               +--------+--------+--------+--------+--------+-----+--------+

Top non-repeatable levels by time:
     D:1: 1126 daAuts
     D:2: 829 daAuts
     D:4: 704 daAuts
     D:3: 452 daAuts
     D:5: 360 daAuts
  Temple: 104 daAuts
